Cogmind - Beta 10.2 @@@ ROGUE MODE // 2021.09.11 @ 08:25:49 Player: defnote Result: Destroyed by G-34 Mercenary with Small Laser Performance ------------- Evolutions (1) 500 Regions Visited (2) 400 Robots Destroyed (14) 70 Value Destroyed (315) 315 Prototype IDs (0) 0 Alien Tech Used (0) 0 Bonus (0) 0 TOTAL SCORE: 1285 Bonus ------- None Cogmind --------- Core Integrity 0/400 Matter 390/500 Energy 100/100 System Corruption 0% Temperature Cool (6) Movement Core (100) Ox1 Location -9/Materials Parts ------- > --- POWER (2) -------- (None) > --- PROPULSION (2) --- (None) > --- UTILITY (3) ------ High-capacity Matter Pod Utility Shielding > --- WEAPON (2) ------- (None) > --- INVENTORY (4) ---- Signal Interpreter Peak State ------------ > --- POWER ------------ Ion Engine > --- PROPULSION ------- Aluminum Leg Aluminum Leg > --- UTILITY ---------- High-capacity Matter Pod Targeting Computer Utility Shielding > --- WEAPON ----------- EM Pulse Gun Assault Rifle > --- INVENTORY -------- Signal Interpreter Assault Rifle Grenade Launcher [Rating: 8] Favorites ----------- Power Ion Engine Engine Ion Engine Propulsion Wheel Leg Aluminum Leg Wheel Wheel Flight Unit Flight Unit Utility Utility Shielding Storage Medium Matter Pod Processor Targeting Computer Protection Utility Shielding Weapon Assault Rifle Energy Gun EM Pulse Gun Energy Cannon Beam Cannon Ballistic Gun Assault Rifle Launcher Grenade Launcher Build | -11 -10 -9 ------- Run | Scr Mat Mat Slots Evolved 2 | . . 2 Power 1 | . . 1 Propulsion . | . . . Utility 1 | . . 1 Weapon . | . . . Parts Attached 25 | 5 17 3 Power 2 | 1 1 . Engine 2 | 1 1 . Core . | . . . Reactor . | . . . Propulsion 8 | 2 6 . Treads . | . . . Leg 3 | . 3 . Wheel 4 | 2 2 . Hover . | . . . Flight 1 | . 1 . Utility 5 | . 4 1 Device . | . . . Storage 2 | . 2 . Processor 1 | . . 1 Hackware . | . . . Protection 2 | . 2 . Artifact . | . . . Weapon 10 | 2 6 2 Energy Gun 2 | . 2 . Energy Cannon 1 | . 1 . Ballistic Gun 5 | 2 2 1 Ballistic Cannon . | . . . Launcher 2 | . 1 1 Special Weapon . | . . . Impact Weapon . | . . . Slashing Weapon . | . . . Piercing Weapon . | . . . Special Melee Weapon . | . . . Unidentified Prototypes . | . . . Parts Lost 9 | . 2 7 Power 2 | . 1 1 Propulsion 2 | . . 2 Utility 1 | . . 1 Weapon 4 | . 1 3 Highest Loss Streak 7 | . 2 7 Average Slot Usage (%) 81 | . 86 66 Engine 12 | . 13 8 Leg 7 | . 4 16 Wheel 16 | . 22 . Storage 8 | . 8 11 Processor 1 | . . 4 Protection 9 | . 8 11 Energy Gun 5 | . 5 6 Energy Cannon 2 | . 3 . Ballistic Gun 14 | . 16 8 Launcher 1 | . 1 . Naked Turns . | . . . Heaviest Build 14 | 6 14 14 Greatest Support 26 | 26 26 20 Greatest Overweight (x) 3 | . 3 3 Average Overweight (x) . | . . . Largest Inventory Capacity 4 | 4 4 4 Average Capacity 4 | 4 4 4 Most Carried 4 | 2 4 4 Average Carried 2 | . 2 2 Final Capacity 4 | 4 4 4 Final Carried 3 | 1 3 1 Class Distribution -------------------- 100% | Mutant Dominant Class ---------------- Mutant | -10/Materials Mutant | -9/Materials Resources | -11 -10 -9 ----------- Run | Scr Mat Mat Matter Collected 595 | 175 386 34 Remotely . | . . . Salvage Created 381 | . 347 34 Parts 28 | . 25 3 Haulers Intercepted . | . . . Recyclers Shooed . | . . . Parts Field Recycled . | . . . Retrieved Matter . | . . . Parts Self-Destructed . | . . . Prevented . | . . . Kills | -11 -10 -9 ------- Run | Scr Mat Mat Combat Hostiles Destroyed 12 | . 10 2 Guns 5 | . 3 2 Cannons 6 | . 6 . AOE 1 | . 1 . Classes Destroyed 4 | . 4 . Worker 1 | . 1 . Watcher 1 | . 1 . Swarmer 5 | . 3 2 Grunt 7 | . 7 . Best Kill Streak 5 | . 5 2 Combat Bots Only 5 | . 5 2 Max Kills in Single Turn 1 | . 1 1 Gunslinging . | . . . Exploded 1 | . 1 . Melee . | . . . Uniques/NPCs Destroyed . | . . . Combat | -11 -10 -9 -------- Run | Scr Mat Mat Damage Taken 1222 | . 436 786 Core 464 | . 54 410 Absorbed by Shields . | . . . Core Remaining (%) 89 | 100 78 . Volleys Fired 49 | . 36 13 Largest 2 | . 2 2 Hottest 80 | . 80 60 Shots Fired 81 | . 64 17 Gun 62 | . 46 16 Cannon 16 | . 16 . Launcher 3 | . 2 1 Special . | . . . Kinetic 52 | . 39 13 Thermal 17 | . 17 . Explosive 3 | . 2 1 Electromagnetic 9 | . 6 3 Robot Hit Streak 4 | . 4 4 Robot Miss Streak 3 | . 3 3 Penetration Max . | . . . Secondary Targets 2 | . 1 1 Max Gunslinging Chain 1 | . 1 1 Shots Hit Robots 38 | . 29 9 Core Hits 20 | . 17 3 Critical Hits 2 | . 2 . Critical Kills . | . . . Critical Parts Destroyed 2 | . 2 . Melee Attacks . | . . . Impact . | . . . Slashing . | . . . Piercing . | . . . Sneak Attacks . | . . . Combat Hostiles . | . . . Follow-up Attacks . | . . . Damage Inflicted 616 | . 480 136 Guns 318 | . 215 103 Cannons 191 | . 191 . Explosions 107 | . 74 33 Melee . | . . . Ramming . | . . . Kinetic 243 | . 162 81 Thermal 191 | . 191 . Explosive 107 | . 74 33 Electromagnetic 75 | . 53 22 Impact . | . . . Slashing . | . . . Piercing . | . . . Highest Corruption 2 | . 2 . Average Corruption 2 | . 2 . Corruption Purged . | . . . Effects 3 | . 3 . Message Errors 1 | . 1 . Targeting Errors 2 | . 2 . Overload Shots . | . . . Overflow Damage 21 | . 17 4 Projectiles . | . . . Explosions 21 | . 17 4 Melee . | . . . Knockbacks . | . . . Impact . | . . . Kinetic . | . . . Secondary . | . . . Self-Inflicted Damage 80 | . 44 36 Shots 3 | . 2 1 Rammed 1 | . 1 . Targets Rammed 1 | . 1 . Kicked . | . . . Crushed . | . . . Highest Temperature 158 | . 158 . Average Temperature 55 | . 55 . Received Heat Transfer 444 | . 168 276 Siege Activations . | . . . Robots Corrupted . | . . . Combat Hostiles . | . . . Parts Fried . | . . . Impact Corruptions . | . . . Robots Melted . | . . . Combat Hostiles . | . . . Parts Melted 1 | . 1 . Heat Transferred 407 | . 407 . Parts Sabotaged . | . . . Parts Stolen . | . . . Parts Stripped . | . . . Power Chain Reactions . | . . . Missiles Intercepted . | . . . Alert | -11 -10 -9 ------- Run | Scr Mat Mat Peak Influence 260 | . 260 119 Initial 59 | . . 59 Average 85 | . 104 69 Maximum Alert Level 1 | . 1 . Low Security (%) 85 | 100 77 100 Level 1 14 | . 22 . Level 2 . | . . . Level 3 . | . . . Level 4 . | . . . Level 5 . | . . . High Security . | . . . Max Security . | . . . Squads Dispatched 5 | . 5 . Investigation 3 | . 3 . Extermination . | . . . Reinforcement 2 | . 2 . Assault . | . . . Garrison . | . . . Intercept . | . . . Construction Impeded . | . . . Haulers Reinforced . | . . . Stealth | -11 -10 -9 --------- Run | Scr Mat Mat Distress Signals 1 | . 1 . Communications Jammed . | . . . Distress Signals . | . . . Times Spotted 27 | . 20 7 Peak Tracking Total 4 | . 4 4 Tactical Retreats . | . . . Traps | -11 -10 -9 ------- Run | Scr Mat Mat Traps Triggered 2 | . 1 1 Indirectly . | . . . Trap Hack Attempts . | . . . Triggered . | . . . Disarmed . | . . . Reprogrammed . | . . . Reused . | . . . Traps Extracted . | . . . Installed . | . . . Triggered . | . . . Machines | -11 -10 -9 ---------- Run | Scr Mat Mat Machines Disabled 1 | . 1 . Max in Single Turn 1 | . 1 . Machines Sabotaged . | . . . Garrisons Compromised . | . . . Overloaded Fab Kills . | . . . Fab Network Shutdowns . | . . . Hacking | -11 -10 -9 --------- Run | Scr Mat Mat Machines Accessed 5 | . 4 1 Terminals 3 | . 2 1 Fabricators . | . . . Repair Stations . | . . . Recycling Units 2 | . 2 . Scanalyzers . | . . . Garrison Access . | . . . Total Hacks 20 | . 17 3 Successful 14 | . 12 2 Failed 5 | . 4 1 Catastrophic 2 | . 2 . Database Lockouts 1 | . 1 . Manual . | . . . Terminals 12 | . 9 3 Fabricators . | . . . Repair Stations . | . . . Recycling Units 8 | . 8 . Scanalyzers . | . . . Garrison Access . | . . . Terminal Hacks 7 | . 5 2 Record 5 | . 4 1 Alert Level 1 | . . 1 Locate Traps 1 | . 1 . Fabricator Hacks . | . . . Repair Station Hacks . | . . . Recycling Unit Hacks 7 | . 7 . Recycle Component 2 | . 2 . Process 2 | . 2 . Report Inventory 1 | . 1 . Retrieve Matter 2 | . 2 . Scanalyzer . | . . . Garrison Access Hacks . | . . . Unauthorized Hacks . | . . . Terminals . | . . . Fabricators . | . . . Repair Stations . | . . . Recycling Units . | . . . Scanalyzers . | . . . Garrison Access . | . . . Data Cores Recovered . | . . . Used . | . . . Hacking Detections 3 | . 2 1 Full Trace Events 2 | . 2 . Feedback Events . | . . . Feedback Blocked . | . . . Robot Schematics Acquired . | . . . Robots Built . | . . . Matter . | . . . Time . | . . . Total Robot Build Rating . | . . . Part Schematics Acquired . | . . . Parts Built . | . . . Matter . | . . . Time . | . . . Total Part Build Rating . | . . . Parts Repaired . | . . . Time . | . . . Parts Recycled 2 | . 2 . Recycled Matter 126 | . 126 . Retrieved Matter 126 | . 126 . Retrieved Components . | . . . Parts Scanalyzed . | . . . Part Schematics Acquired . | . . . Parts Damaged . | . . . Bothacking | -11 -10 -9 ------------ Run | Scr Mat Mat Used RIF Installer . | . . . Robots Hacked . | . . . Non-combat . | . . . Combat . | . . . Robot Hacks Applied . | . . . Relay Couplers Released . | . . . Robots Rewired . | . . . Allies Hacked . | . . . Hacks Repelled . | . . . Allies | -11 -10 -9 -------- Run | Scr Mat Mat Total Allies . | . . . Largest Group . | . . . Highest-Rated Group . | . . . Highest-Rated Ally . | . . . Total Orders . | . . . Ally Attacks . | . . . Total Damage . | . . . Kills . | . . . Allies Corrupted . | . . . Allies Melted . | . . . Intel | -11 -10 -9 ------- Run | Scr Mat Mat Robot Analysis Total . | . . . Derelict Logs Recovered . | . . . Drone Launches . | . . . Drone Recoveries . | . . . Exploration | -11 -10 -9 ------------- Run | Scr Mat Mat Turns Passed 791 | 81 523 187 Spaces Moved 630 | 83 416 131 Core 50 | 13 3 34 Treads . | . . . Legs 142 | . 45 97 Wheels 438 | 70 368 . Hover . | . . . Flight . | . . . Fastest Speed 50 | 50 90 100 Average Speed 97 | 83 94 116 Slowest Speed 200 | 90 200 200 Overloaded Moves . | . . . Propulsion Burnouts . | . . . Robots Hopped . | . . . Cave-ins Triggered . | . . . Exploration Rate (%) 23 | 4 52 13 Regions Visited 2 Branch Regions . Pre-discovered Areas . | . . . Known Exits Taken . | . . . Unknown Exits Taken 2 | 1 1 . Scrap Searched . | . . . Spaces Dug . | . . . Terrain Destroyed 13 | . 9 4 Melee . | . . . Projectile . | . . . AOE 13 | . 9 4 Terrain Rammed . | . . . Walls Destroyed . | . . . Machines Disabled . | . . . Actions | -11 -10 -9 --------- Run | Scr Mat Mat Total 729 | 94 487 148 Wait 1 | 1 . . Move 628 | 82 415 131 Hop . | . . . Pick Up 16 | 6 9 1 Fast Attach 5 | . 5 . Attach 15 | 5 7 3 Detach 2 | . 2 . Swap 5 | . 5 . Drop 7 | . 7 . Fire 49 | . 36 13 Melee . | . . . Ram 1 | . 1 . Kick . | . . . Crush . | . . . Escape Stasis . | . . . Rewire . | . . . Trap . | . . . Miscellaneous . | . . . Route ------- -11/Scrapyard -10/Materials -9/Materials History --------- Turn | Location | Event 26 | -11/Scrapyard | Discovered new exit (range 15) 82 | -11/Scrapyard | Entered Materials 140 | -10/Materials | Central database locked down 317 | -10/Materials | Build established: Mutant 477 | -10/Materials | Discovered new exit (range 8) 605 | -10/Materials | Entered another Materials area 605 | -9/Materials | Evolved 2 slots: Power x1, Utility x1 767 | -9/Materials | Core integrity fell below 50% 776 | -9/Materials | Core integrity fell below 20% 788 | -9/Materials | Lost 7 parts (1p2n1u3w) 792 | -9/Materials | Destroyed by G-34 Mercenary with Small Laser Last Messages --------------- 00718_ EM Pulse Gun destroyed. 00718_ S-10 Pest destroyed. 00720_ R-06 Scavenger collects Flight Unit. 00720_ Acquired 20 matter. 00723_ K-01 Serf collects debris. 00724_ R-06 Scavenger collects Lgt. Assault Rifle. 00728_ K-01 Serf cleans the Matter Pump. 00732_ K-01 Serf collects debris. 00739_ Aluminum Leg destroyed. 00748_ Targeting Computer destroyed. 00748_ Ion Engine destroyed. 00751_ Aluminum Leg destroyed. 00754_ Integration Channel disabled. 00757_ Grenade Launcher destroyed. 00757_ Destroyed Grenade Launcher. 00757_ K-01 Serf cleans the Matter Pump. 00757_ Assault Rifle destroyed. 00767_ K-01 Serf collects debris. 00776_ U-05 Engineer builds a Wall. 00778_ K-01 Serf collects debris. Map ----- +----------------------------------------------------+ | ????# = ## ######???????????? | | ????# # #???????????? | | ????# T # T #???????????? | | ????# """ " #???????????? | | ????# """^ " #???????????? | | ????# """ #???????????? | | ????# """ #???????????? | | ????# ^ *** " #???????????? | | ????# *** ## """ #???????????? | | ????# ** ## """ #???????????? | | ????# Y## " #???????????? | | ????# [ ## #???????????? | | ????#### ####### ##########???????????? | | ???????# #?????#! #????????????????????? | | ???????# #?????# """ g #????????????????????? | | ??????##+####### """g g#####????????????????? | | ??????# # """ #????????????????? | | ??????# # #????????????????? | | ??????#[ # #????????????????? | | ??????#[! #r """ #????????????????? | | ??????#! + """ #????????????????? | | ??????# """"" # """ #????????????????? | | ??????# """"" # #????????????????? | | ??????# """"" # #????????????????? | | ??????# # #????????????????? | | ?############### @ #????????????????? | | ?# + ##########????????????????? | | ?# ""# #?????????????????????????? | | ?# """ """ Y"# #?????????????????????????? | | ?# """ """ ""#####?????????????????????????? | | ?# """ """ #?????????????????????????????? | | ?# [#?????????????????????????????? | | ?###############?????????????????????????????? | | ?????????????????????????????????????????????? | | | | | | | | | | | | | | | | | | | | | | | | | | | | | | | | | +----------------------------------------------------+ Best States ------------- Heat Dissipation 28 Energy Generation 10 Energy Capacity 250 Matter Stores 404 Matter Capacity 500 Sight Range 16 Terrain Scan Density 10 Core Shielding 20 Utility Shielding 33 Evasion (%) 50 Targeting Accuracy 5 Item Schematics ----------------- None Robot Schematics ------------------ None Fabricated ------------ Nothing Alien Tech Used ----------------- None Achievements -------------- None Challenges ------------ None Game ------ Seed ModifiedOpticalNetwork Manual? 0 Play Time 00:16:18 Cumulative 3.9 hours Start 2021.09.11 @ 08:11:39 End 2021.09.11 @ 08:25:49 Sessions 1 Manual Loads 0 Difficulty Rogue Special Mode None Game No. 13 Rogue 13 Adventurer 0 Explorer 0 Win Type - Total 0 Types 0/0/0/0/0/0/0/0/0 Lore% 2 Gallery% 9 Achievement% 6 Wizard Run 0 Options --------- ASCII 0 Keyboard 0 Movement Mouse Keybinds 0 Fullscreen 1 Font 12/Smallcaps Map View 83x54 Tactical HUD 1 Map Filters NONE Filters NONE Steam 1 RUN: 5e57bd9c-eb96-4ffd-8194-374847584cb5